 Dungeon Crawl Stone Soup version 0.15-a0-155-g2613b33 (webtiles) character file.

30907 PolkaDot the Conjurer (level 13, -4/86 HPs)
             Began as a Vampire Conjurer on Apr 16, 2014.
             Was a High Priest of Vehumet.
             Slain by a death yak (6 damage)
             ... on Level 5 of the Lair of Beasts.
             The game lasted 02:12:58 (17206 turns).

PolkaDot the Conjurer (Vampire Conjurer)           Turns: 17206, Time: 02:12:59

HP  -4/86        AC 18     Str  9      XL: 13   Next: 20%
MP   1/44        EV 12     Int 26      God: Vehumet [*****.]
Gold 516         SH  8     Dex 14      Spells:  6 memorised,  7 levels left

rFire  . . .     SeeInvis +     f - +7,+6 demon trident of the Median {freeze, rF+ rN+}
rCold  + + .     Clarity  .     a - +3 steam dragon armour
rNeg   + . .     Conserve .     D - +0 buckler
rPois  .         rCorr    .     m - +3 hat of Pondering {ponderous, MR+ MP+10 Int+5}
rElec  .         rRot     .     d - +2 cloak {MR+}
SustAb . .       Spirit   .     j - +0 pair of gloves
rMut   .         Warding  .     (no boots)
Saprov . . .     Stasis   .     (no amulet)
MR     +++..                    o - ring of ice
                                u - +3 ring of protection

@: regenerating quickly, very slightly contaminated, hasted, very quick,
extremely resistant to hostile enchantments, quite stealthy
A: bottle blood, antennae 1, fangs 3, see invisible, cold resistance 1, high mp
1, robust 1, strong 1, unbreathing
a: Bottle Blood, Renounce Religion


You were on level 5 of the Lair of Beasts.
You worshipped Vehumet.
Vehumet was extremely pleased with you.
You were very full.

You visited 2 branches of the dungeon, and saw 17 of its levels.
You also visited: Ice Cave.

You collected 786 gold pieces.
You spent 270 gold pieces at shops.

Inventory:

Hand weapons
 f - the +7,+6 demon trident of the Median (weapon) {freeze, rF+ rN+}
   (You found it in an ice cave)

   It has been specially enchanted to freeze those struck by it, causing extra
   injury to most foes and up to double damage against particularly susceptible
   opponents.
   It can also slow down cold-blooded creatures.
   It protects you from fire.
   It protects you from negative energy.
Armour
 a - a +3 steam dragon armour (worn)
 d - a +2 cloak of magic resistance (worn)
 j - a +0 pair of gloves (worn)
 m - the +3 hat of Pondering (worn) {ponderous, MR+ MP+10 Int+5}
   (You took it off Gastronok on level 9 of the Dungeon)

   It affects your intelligence (+5).
   It affects your resistance to hostile enchantments.
   It affects your magic capacity (+10).
 D - a +0 buckler (worn)
Magical devices
 l - a wand of flame (13)
 s - a wand of paralysis (5)
 z - a wand of enslavement (7)
Scrolls
 g - 5 scrolls of recharging
 h - 2 scrolls of immolation
 i - a scroll of remove curse
 n - 4 scrolls of fog
 r - a scroll of amnesia
 v - 3 scrolls of enchant weapon II
 w - 4 scrolls of enchant weapon I
 x - a scroll of vulnerability
Jewellery
 o - a ring of ice (right hand)
 u - a +3 ring of protection (left hand)
 y - an uncursed amulet of stasis
Potions
 e - a potion of flight
 k - 4 potions of restore abilities
 p - a potion of cure mutation {!q}
Books
 c - a book of Conjurations

   Spells                             Type                      Level
   Magic Dart                         Conjuration                  1
   *Searing Ray                       Conjuration                  2
   Dazzling Spray                     Conjuration/Hexes            3
   *Fulminant Prism                   Conjuration/Hexes            4
   *Iskenderun's Mystic Blast         Conjuration                  4
   Iskenderun's Battlesphere          Conjuration/Charms           5
 A - a book of Callings

   Spells                             Type                      Level
   Summon Small Mammal                Summoning                    1
   Call Imp                           Summoning                    2
   Call Canine Familiar               Summoning                    3
   Summon Guardian Golem              Hexes/Summoning              4
   Summon Lightning Spire             Summoning/Air                4
   Summon Ice Beast                   Ice/Summoning                4
 G - a book of the Sky

   Spells                             Type                      Level
   Flight                             Charms/Air                   3
   *Airstrike                         Air                          4
   Silence                            Hexes/Air                    5
   Deflect Missiles                   Charms/Air                   6
   Conjure Ball Lightning             Conjuration/Air              6
   Tornado                            Air                          9


   Skills:
 - Level 3.2 Dodging
 - Level 4.3 Stealth
 - Level 1.5 Shields
 + Level 9.7 Spellcasting
 - Level 11.8 Conjurations
 - Level 10.4 Hexes
 * Level 11.1 Air Magic


You had 7 spell levels left.
You knew the following spells:

 Your Spells              Type           Power        Failure   Level  Hunger
a - Airstrike             Air            ######....   1%          4    None
d - Iskenderun's Mystic   Conj           ######..     1%          4    None
f - Fulminant Prism       Conj/Hex       ######....   1%          4    None
s - Searing Ray           Conj           ######       1%          2    None
x - Spellforged Servitor  Conj/Summ      #####.....   90%         7    #######
z - Conjure Flame         Conj/Fire      ###.....     1%          3    None


Dungeon Overview and Level Annotations

Branches:
Dungeon (12/15)            Temple (0/1) D:4             Orc (0/4) D:11
   Lair (5/8) D:11          Swamp (0/5) Lair:3        Snake (0/5) Lair:3

Altars:
Ashenzari
Cheibriados
Makhleb
Sif Muna
Trog
Vehumet
Xom
Yredelemnul
Zin
The Shining One

Shops:
D:6 (   D:7 *   D:8 :


Innate Abilities, Weirdness & Mutations

Your natural rate of healing is unusually fast.
You can bottle blood from corpses.
You have razor-sharp teeth.*
You have supernaturally acute eyesight.
You can survive without breathing.*
You have a pair of small antennae on your head.*
Your flesh is cold resistant.*+ You have an increased reservoir of magic (+10% MP).+ You are robust (+10% HP).
Your muscles are strong. (Str +2)


Message History

The orb of energy hits the death yak.
The death yak is severely wounded.
The orb of energy explodes!
* * * LOW MAGIC WARNING * * *
You hit the death yak but do no damage.
You bite the death yak, but do no damage.
The death yak is severely wounded.
The death yak gores you.
* * * LOW HITPOINT WARNING * * *
Unknown command.
You hit the death yak but do no damage.
The death yak is severely wounded.
The death yak gores you but does no damage.
You hit the death yak but do no damage.
You bite the death yak, but do no damage.
The death yak is severely wounded.
You hit the death yak. You freeze the death yak.
The death yak is severely wounded.
The death yak gores you.
You die...

P≈≈≈###............##.P........,,
P≈≈≈≈###............##.P.......,,
P≈≈≈#≈##...........#...........,,
...≈≈#≈#..........f###..........,
...)...#..........###............
......##..........##f............
......#.#...#.....##.............
.....#.#.#.###.####..............
....###....# ##Y@###.............
####......## #### ##............
###...## ##........... # ###.###
####..#..... # #....# #..##.#..
####..### #.####... .##...# ###
###. #....## ## ##.f..### #.


You could see a death yak.

Vanquished Creatures
  Gastronok (D:9)
  Fannar (Lair:3)
  A hydra (Lair:3)
  2 death yaks (Lair:5)
  Nergalle (D:11)
  2 ice devils (IceCv)
  An unseen horror (D:9)
  2 ice statues (IceCv)
  Pikel (D:6)
  Joseph (D:9)
  2 hill giants (D:10)
  2 cyclopes (D:11)
  An elephant (D:11)
  The ghost of sohrabkorkchi the Shield-Bearer, an experienced LOFi (D:4)
  4 spiny frogs
  Psyche (D:9)
  3 black mambas
  Grinder (D:4)
  3 fire drakes
  A troll (D:11)
  The ghost of seth the Skirmisher, an average FoFi of Cheibriados (D:5)
  A komodo dragon (Lair:1)
  8 blue devils (IceCv)
  Prince Ribbit (D:7)
  4 blink frogs (Lair:3)
  A wyvern (D:8)
  14 yaks
  A basilisk (Lair:3)
  A shark (Lair:4)
  Eustachio (D:4)
  2 steam dragons
  3 hippogriffs
  12 wolves
  3 nagas (Lair:3)
  Edmund (D:6)
  Menkaure (D:6)
  A hill giant skeleton (D:8)
  5 water moccasins
  A swamp drake (Lair:1)
  An orc warrior (D:9)
  3 ogres
  2 ice beasts (IceCv)
  3 phantoms
  5 porcupines
  6 centaurs
  2 black bears
  8 crocodiles
  A slave (D:6)
  3 sky beasts
  6 giant slugs
  A gnoll sergeant (D:9)
  5 insubstantial wisps (Lair:3)
  24 giant frogs
  6 killer bees (D:10)
  2 scorpions
  A yak zombie (D:6)
  4 wights (D:10)
  2 electric eels (Lair:5)
  Dowan (D:7)
  3 crimson imps
  3 goliath beetles
  6 hounds
  A quasit (D:9)
  An orc priest (D:5)
  Crazy Yiuf (D:4)
  4 worker ants
  A big fish (Lair:5)
  A gnoll shaman (D:7)
  6 iguanas
  Natasha (twice) (D:4)
  6 orc wizards
  23 sheep
  A crocodile skeleton (D:9)
  A hound zombie (D:5)
  A hound skeleton (D:5)
  A mummy (D:9)
  18 gnolls
  14 adders
  9 green rats (Lair:4)
  3 giant mites
  21 white imps
  2 shadow imps
  6 ufetubi (IceCv)
  6 worms
  An adder zombie (D:5)
  A giant eyeball (D:6)
  9 giant geckos
  3 oozes
  36 orcs
  A ball python (D:1)
  A bat zombie (D:10)
  4 giant cockroaches
  18 hobgoblins
  19 jackals
  14 kobolds
  15 quokkas
  16 bats
  5 giant newts
  A giant spore (D:9)
  12 goblins
  A hobgoblin zombie (D:5)
  An orc skeleton (D:4)
  16 rats
  A rat skeleton (D:4)
  2 ballistomycetes (D:9)
  2 fungi (Lair:3)
  A plant (D:2)
501 creatures vanquished.

Vanquished Creatures (others)
  2 slaves (D:6)
  33 fulminant prisms
  2 gnolls (D:6)
  2 ufetubi (IceCv)
  A bat (D:6)
  A rat (D:6)
  2 fungi (Lair:3)
  A plant (Lair:3)
44 creatures vanquished.

Grand Total: 545 creatures vanquished

Notes
Turn   | Place    | Note
--------------------------------------------------------------
     0 | D:1      | PolkaDot, the Vampire Conjurer, began the quest for the Orb.
     0 | D:1      | Reached XP level 1. HP: 13/13 MP: 3/3
   379 | D:1      | Reached XP level 2. HP: 8/19 MP: 0/4
   426 | D:1      | Learned a level 2 spell: Searing Ray
  1174 | D:2      | Reached XP level 3. HP: 18/24 MP: 2/6
  2022 | D:2      | Reached skill level 4 in Stealth
  2022 | D:2      | Reached XP level 4. HP: 17/30 MP: 2/8
  2479 | D:3      | Found a bloodstained altar of Trog.
  2562 | D:3      | Learned a level 4 spell: Iskenderun's Mystic Blast
  2621 | D:3      | Found a basalt altar of Yredelemnul.
  2761 | D:3      | Found a radiant altar of Vehumet.
  2770 | D:3      | Became a worshipper of Vehumet
  2960 | D:3      | Reached XP level 5. HP: 35/35 MP: 6/11
  3425 | D:4      | Noticed Eustachio
  3437 | D:4      | Killed Eustachio
  3437 | D:4      | Reached XP level 6. HP: 26/41 MP: 6/12
  3455 | D:4      | Noticed Natasha
  3470 | D:4      | Killed Natasha
  3581 | D:4      | Learned a level 4 spell: Fulminant Prism
  3581 | D:4      | Noticed Crazy Yiuf
  3615 | D:4      | Killed Crazy Yiuf
  3615 | D:4      | Reached skill level 5 in Conjurations
  3650 | D:4      | Noticed Natasha
  3654 | D:4      | Killed Natasha
  3736 | D:4      | Found a deep blue altar of Sif Muna.
  3741 | D:4      | Noticed sohrabkorkchi's ghost (experienced LOFi)
  3803 | D:4      | Killed sohrabkorkchi's ghost
  3803 | D:4      | Reached XP level 7. HP: 10/46 MP: 3/14
  3902 | D:4      | Found a staircase to the Ecumenical Temple.
  4006 | D:4      | Found a snail-covered altar of Cheibriados.
  4046 | D:4      | Noticed Grinder
  4058 | D:4      | Paralysed by Grinder for 5 turns
  4064 | D:4      | Killed Grinder
  4064 | D:4      | Reached skill level 6 in Conjurations
  4087 | D:4      | Acquired Vehumet's first power
  4087 | D:4      | Offered knowledge of Flame Tongue by Vehumet.
  4603 | D:5      | Entered Level 5 of the Dungeon
  4618 | D:5      | Reached skill level 5 in Hexes
  4629 | D:5      | Reached XP level 8. HP: 31/45 MP: 6/16
  5129 | D:5      | Reached skill level 7 in Conjurations
  5140 | D:5      | Found a shimmering altar of Xom.
  5218 | D:5      | Noticed seth's ghost (average FoFi)
  5229 | D:5      | Killed seth's ghost
  5425 | D:5      | Found a bloodstained altar of Trog.
  5752 | D:6      | Noticed Pikel
  5770 | D:6      | Killed Pikel
  5770 | D:6      | Reached skill level 8 in Conjurations
  5770 | D:6      | Reached XP level 9. HP: 4/50 MP: 5/17
  6158 | D:6      | Noticed Edmund
  6174 | D:6      | Killed Edmund
  6214 | D:6      | Paralysed by a giant eyeball for 3 turns
  6216 | D:6      | Offered knowledge of Throw Flame by Vehumet.
  6249 | D:6      | Found Briovomn's Antique Weapon Shop.
  6548 | D:6      | Noticed Menkaure
  6569 | D:6      | Killed Menkaure
  6641 | D:6      | Found a shattered altar of Ashenzari.
  7199 | D:7      | Found Trool's Assorted Antiques.
  7258 | D:7      | Reached skill level 9 in Hexes
  7329 | D:7      | Bought a dented filigree amulet for 150 gold pieces
  7329 | D:7      | Bought a scroll labeled GHAYDU CRUYR for 30 gold pieces
  7329 | D:7      | Bought a scroll labeled GHAYDU CRUYR for 30 gold pieces
  7329 | D:7      | Bought a scroll of identify for 60 gold pieces
  7442 | D:7      | Noticed Prince Ribbit
  7448 | D:7      | Killed Prince Ribbit
  7448 | D:7      | Offered knowledge of Stone Arrow by Vehumet.
  7486 | D:7      | Found a glowing golden altar of the Shining One.
  7548 | D:7      | Reached skill level 10 in Hexes
  7563 | D:7      | Found a burning altar of Makhleb.
  7598 | D:7      | Noticed Dowan
  7662 | D:7      | Killed Dowan
  7728 | D:7      | Gained mutation: You have an increased reservoir of magic (+10% MP). [potion of mutation]
  7728 | D:7      | Gained mutation: Your flesh is cold resistant. [potion of mutation]
  7728 | D:7      | Gained mutation: You have a pair of small antennae on your head. [potion of mutation]
  7729 | D:7      | Gained mutation: You are robust (+10% HP). [potion of mutation]
  7729 | D:7      | Gained mutation: Your muscles are strong. (Str +2) [potion of mutation]
  7761 | D:7      | Reached XP level 10. HP: 62/62 MP: 13/19
  7964 | D:8      | Found a glowing silver altar of Zin.
  8176 | D:8      | Acquired Vehumet's second power
  8258 | D:8      | Paralysed by a potion of paralysis for 4 turns
  8270 | D:8      | Found Udunuhe's Book Boutique.
  8374 | D:8      | Found a shimmering altar of Xom.
  8427 | D:8      | Reached skill level 10 in Conjurations
  8617 | D:9      | Offered knowledge of Conjure Flame by Vehumet.
  8629 | D:9      | Learned a level 3 spell: Conjure Flame
  8692 | D:9      | Noticed Psyche
  8699 | D:9      | Killed Psyche
  8946 | D:9      | Noticed Gastronok
  8949 | D:9      | Noticed Joseph
  8954 | D:9      | Noticed an unseen horror
  8985 | D:9      | Killed an unseen horror
  9169 | D:9      | Killed Joseph
  9197 | D:9      | Killed Gastronok
  9197 | D:9      | Reached skill level 5 in Spellcasting
  9197 | D:9      | Reached skill level 11 in Conjurations
  9330 | D:9      | Reached XP level 11. HP: 72/72 MP: 25/25
  9382 | D:9      | Found a radiant altar of Vehumet.
  9546 | D:10     | Entered Level 10 of the Dungeon
  9636 | D:10     | Noticed a hill giant
  9651 | D:10     | Acquired Vehumet's third power
  9654 | D:10     | Killed a hill giant
  9654 | D:10     | Reached skill level 1 in Shields
  9665 | D:10     | Noticed a hill giant
  9903 | D:10     | Offered knowledge of Airstrike by Vehumet.
  9909 | D:10     | Learned a level 4 spell: Airstrike
 10129 | D:10     | Killed a hill giant
 10540 | D:11     | Found a staircase to the Lair.
 10570 | D:11     | Noticed Nergalle
 10580 | D:11     | Killed Nergalle
 10681 | D:11     | Found a staircase to the Orcish Mines.
 10804 | D:11     | Reached skill level 5 in Air Magic
 10968 | Lair:1   | Entered Level 1 of the Lair of Beasts
 12067 | Lair:2   | Offered knowledge of Spellforged Servitor by Vehumet.
 12835 | Lair:3   | Noticed a seven-headed hydra
 12957 | Lair:3   | Reached XP level 12. HP: 68/81 MP: 23/28
 12983 | Lair:3   | Killed a seven-headed hydra
 13119 | Lair:3   | Learned a level 7 spell: Spellforged Servitor
 13352 | Lair:3   | Found a staircase to the Snake Pit.
 13384 | Lair:3   | Found a frozen archway.
 13413 | IceCv    | Entered an ice cave
 14297 | IceCv    | Got a fine demon trident
 14298 | IceCv    | Identified the +7,+6 demon trident of the Median {freeze, rF+ rN+} (You found it in an ice cave)
 14827 | Lair:3   | Noticed Fannar
 14846 | Lair:3   | Killed Fannar
 14889 | Lair:3   | Found a staircase to the Swamp.
 15697 | Lair:4   | Offered knowledge of Fireball by Vehumet.
 15890 | Lair:4   | Reached skill level 10 in Air Magic
 16498 | Lair:5   | Reached XP level 13. HP: 83/86 MP: 33/33
 16984 | Lair:5   | Got an ichor-stained quarterstaff
 16988 | Lair:5   | Identified the +11,+8 quarterstaff of Causality {venom, rF+ SInv} (You found it on level 5 of the Lair of Beasts)
 17199 | Lair:5   | HP: 3/86 [death yak (11)]
 17203 | Lair:5   | HP: 1/86 [death yak (3)]
 17206 | Lair:5   | Slain by a death yak

Action                   |  1- 3 |  4- 6 |  7- 9 | 10-12 | 13-15 || total
-------------------------+-------+-------+-------+-------+-------++-------
Melee: Unarmed           |    52 |   131 |       |       |       ||   183
       Spear             |       |    80 |   201 |   416 |       ||   697
       Demon trident     |       |       |       |   128 |    68 ||   196
 Cast: Magic Dart        |    30 |    22 |       |     9 |       ||    61
       Searing Ray       |    18 |    20 |    50 |    70 |     4 ||   162
       Fulminant Prism   |       |       |     5 |    23 |     5 ||    33
       Iskenderun's Myst |       |       |     3 |   115 |     8 ||   126
       Airstrike         |       |       |       |    67 |    22 ||    89
       Conjure Flame     |       |       |       |     2 |       ||     2
Evoke: Wand              |       |       |       |     3 |       ||     3
  Use: Potion            |     1 |     4 |     7 |    11 |     7 ||    30
       Scroll            |     6 |     2 |     9 |    18 |     1 ||    36
 Stab: Sleeping          |     1 |     1 |    11 |    15 |     3 ||    31
       Distracted        |       |       |     2 |     1 |       ||     3
       Invisible         |       |       |       |       |     1 ||     1
